Map: Disco Bloodbath LE

Players

ShoWTimE

  • Race: Protoss Protoss
  • Spawn Location: 3:00

Cham - Winner!

  • Race: Zerg Zerg
  • Spawn Location: 9:00

VOD

Have the link to the VOD?

Description

Time

  • Played on: Sept. 7, 2019, 1:54 p.m.
  • Length: 13:06
Show
View Real Time Build Order
Export as new Build Order

ShoWTimE Protoss 

Build Orders: 1 Gate Expand, Oracle Opening, Phoenix Opening, Archon Immortal 

Get SALT Encoding   

  12  0:00  Probe  
  13  0:12  Probe  
  14  0:19  Pylon  
  14  0:24  Probe  
  15  0:33  Probe  
  15  0:40  Gateway  
  15  0:41  Probe  
  16  0:46  Assimilator  
  17  0:51  Probe  
  18  1:03  Probe  
  19  1:15  Probe  
  20  1:24  Nexus  
  20  1:28  Probe  
  21  1:37  Cybernetics Core  
  21  1:40  Probe  
  21  1:46  Assimilator  
  22  1:54  Pylon  
  22  1:56  Probe  
  23  2:04  Adept  
  23  2:12  Probe  
  26  2:23  Stargate  
  26  2:24  Warp Gate, Probe  
  27  2:32  Probe x2  
  27  2:33  Adept  
  31  2:40  Probe x2  
  31  2:50  Probe x2  
  35  3:00  Phoenix  
  35  3:02  Probe x2  
  37  3:09  Pylon  
  39  3:14  Probe x2  
  39  3:17  Oracle  
  41  3:23  Gateway  
  41  3:26  Probe x2  
  46  3:33  Assimilator  
  46  3:34  Assimilator  
  46  3:39  Probe x2  
  48  3:46  Oracle  
  48  3:53  Probe x2  
  53  3:56  Pylon  
  53  4:03  Robotics Facility  
  53  4:05  Probe  
  53  4:07  Pylon  
  54  4:14  Probe  
  56  4:17  Probe  
  56  4:19  Adept x2  
  56  4:21  Oracle  
  60  4:26  Probe  
  64  4:38  Gateway  
  64  4:39  Gateway  
  64  4:41  Immortal  
  64  4:48  Pylon  
  68  4:53  Sentry  
  68  4:57  Pylon  
  70  5:06  Nexus  
  70  5:07  Probe x2  
  70  5:08  Sentry  
  74  5:19  Shield Battery, Forge, Twilight Council  
  74  5:20  Observer  
  75  5:22  Sentry  
  75  5:23  Probe x2  
  79  5:35  Probe x2  
  81  5:41  Protoss Ground Weapons Level 1  
  81  5:42  Pylon  
  81  5:45  Charge  
  81  5:47  Probe x2  
  83  5:54  Gateway  
  83  5:57  Templar Archives  
  83  5:59  Probe x2  
  85  6:11  Immortal, Probe  
  85  6:12  Probe  
  85  6:13  Assimilator  
  85  6:14  Pylon  
  85  6:16  Assimilator  
  87  6:22  Probe  
  87  6:23  Gateway, Probe  
  87  6:24  Probe  
  94  6:28  Psionic Storm  
  94  6:32  Gateway  
  94  6:34  Gateway, Probe  
  94  6:35  Probe  
  94  6:36  Probe  
  97  6:46  Gateway  
  97  6:50  Probe x2  
  97  6:51  Probe  
  97  6:53  Warp Prism, Gateway  
  100  6:55  High Templar x3  
  106  7:02  Pylon  
  106  7:06  High Templar  
  110  7:14  High Templar  
  110  7:15  Pylon  
  112  7:16  Pylon  
  112  7:19  Immortal  
  112  7:29  Robotics Facility  
  116  7:38  Photon Cannon  
  116  7:39  Photon Cannon  
  116  7:41  Photon Cannon  
  116  7:43  Shield Battery  
  116  7:45  High Templar  
  116  7:50  High Templar  
  116  7:51  Protoss Ground Weapons Level 2  
  118  7:54  Pylon  
  118  7:58  Immortal  
  121  8:08  Immortal  
  121  8:12  Zealot x4  
  125  8:18  Nexus  
  133  8:20  Pylon  
  133  8:23  Zealot x2  
  137  8:29  High Templar x2  
  137  8:30  Archon  
  137  8:31  Zealot x2  
  145  8:36  Archon  
  145  8:38  Immortal  
  145  8:41  Zealot x2  
  148  8:45  Zealot x2  
  148  8:47  Immortal, Zealot  
  136  8:54  Zealot x2  
  127  8:58  Zealot  
  127  9:01  Zealot x2  
  123  9:07  Zealot, High Templar x3  
  129  9:11  Zealot, Archon  
  119  9:24  High Templar x2  
  114  9:32  Pylon  
  114  9:33  Probe x2  
  114  9:34  Immortal, Probe  
  111  9:40  Observer  
  111  9:42  Assimilator  
  115  9:45  Probe  
  115  9:46  Assimilator  
  115  9:51  Zealot x3  
  123  9:57  Zealot, Sentry  
  123  10:04  Zealot  
  121  10:10  Zealot x3  
  121  10:13  Zealot  
  115  10:16  Zealot  
  113  10:21  High Templar x2  
  113  10:25  Zealot x2  
  121  10:31  Zealot x2  
  121  10:34  Pylon  
  125  10:41  Pylon  
  125  10:44  Pylon  
  125  10:49  Photon Cannon  
  125  10:50  Shield Battery  
  125  10:56  Zealot x2  
  123  10:57  Observer  
  123  10:58  High Templar x3  
  126  11:09  Zealot x3  
  130  11:20  Zealot x3  
  136  11:30  Zealot, Pylon, High Templar x2  
  136  11:31  Zealot  
  134  11:44  Zealot x3  
  134  11:45  Zealot  
  129  11:55  Zealot  
  129  11:56  Zealot x2  
  133  12:01  Assimilator  
  132  12:11  High Templar x5  
  138  12:24  Zealot x4  
  138  12:25  Zealot  
  124  12:38  Archon  
  113  12:44  Zealot  
  113  12:45  Zealot x4  
  120  12:56  Archon  
  112  13:03  Zealot x3  
Show
View Real Time Build Order
Export as new Build Order

Cham Zerg - Winner!

Build Orders: Hatch First, Lurkers 

Get SALT Encoding   

  12  0:01  Drone  
  13  0:08  Drone  
  14  0:16  Overlord  
  14  0:34  Drone x2  
  16  0:47  Hatchery  
  15  0:51  Drone  
  15  0:55  Drone  
  17  0:58  Drone  
  18  1:08  Extractor  
  17  1:13  Spawning Pool  
  17  1:16  Drone  
  17  1:20  Drone  
  18  1:32  Drone  
  19  1:39  Drone  
  20  1:52  Drone  
  21  1:59  Queen x2  
  21  2:00  Zergling x4  
  27  2:11  Metabolic Boost  
  27  2:14  Overlord, Drone  
  28  2:32  Hatchery  
  27  2:37  Queen  
  27  2:43  Drone x2  
  31  2:46  Overlord  
  31  2:49  Drone  
  32  2:52  Drone  
  32  2:55  Drone  
  34  3:04  Drone  
  34  3:05  Drone x2  
  37  3:10  Drone x2  
  37  3:11  Drone x2  
  41  3:17  Drone x2  
  43  3:22  Spore Crawler, Drone x2  
  44  3:29  Overlord  
  44  3:43  Overlord, Queen x2  
  48  3:49  Drone x2  
  48  3:51  Overlord  
  50  4:00  Spore Crawler, Drone  
  50  4:01  Drone x6  
  56  4:06  Drone x2  
  58  4:11  Drone x2  
  60  4:18  Drone  
  60  4:19  Drone x5  
  60  4:21  Lair  
  65  4:28  Drone  
  65  4:29  Drone  
  66  4:34  Overlord x2  
  66  4:41  Overlord  
  65  4:47  Extractor  
  65  4:48  Extractor, Queen  
  65  4:49  Extractor  
  65  4:51  Extractor  
  65  4:52  Extractor  
  62  4:55  Zergling x2  
  62  4:56  Zergling x8  
  62  4:57  Drone x7  
  72  5:00  Drone  
  72  5:03  Drone  
  74  5:08  Drone  
  74  5:14  Drone x2  
  77  5:18  Drone  
  77  5:20  Drone  
  79  5:21  Drone  
  79  5:22  Drone x2  
  79  5:26  Hydralisk Den  
  81  5:30  Evolution Chamber  
  81  5:31  Drone x3  
  81  5:32  Drone x3  
  84  5:36  Drone  
  84  5:39  Drone  
  86  5:44  Overlord x2  
  86  5:48  Hatchery  
  81  5:52  Overlord  
  81  5:53  Zergling x2  
  81  5:54  Zergling x8  
  81  5:56  Spine Crawler  
  84  5:57  Spine Crawler  
  84  5:59  Overlord  
  84  6:00  Overlord, Hatchery  
  84  6:02  Hydralisk  
  84  6:03  Hydralisk  
  86  6:05  Hydralisk  
  86  6:07  Hydralisk  
  86  6:10  Hydralisk  
  92  6:13  Grooved Spines  
  92  6:15  Lurker Den, Hydralisk x2  
  92  6:17  Hydralisk  
  97  6:22  Drone  
  98  6:27  Hatchery  
  98  6:30  Hydralisk x4  
  98  6:32  Overlord  
  107  6:36  Overlord  
  107  6:38  Hydralisk  
  107  6:39  Hydralisk  
  111  6:43  Zerg Missile Weapons Level 1  
  111  6:44  Hydralisk  
  113  6:51  Overlord, Hydralisk x2  
  117  6:56  Hydralisk x2  
  117  6:57  Hydralisk  
  123  7:05  Drone x3  
  123  7:06  Drone  
  127  7:09  Overlord  
  127  7:10  Zergling x4  
  127  7:11  Overseer  
  127  7:12  Hydralisk x2  
  133  7:16  Hydralisk x2  
  133  7:17  Extractor  
  136  7:23  Hydralisk x2  
  136  7:24  Zergling x4  
  136  7:27  Overlord  
  142  7:30  Zergling x2  
  142  7:35  Muscular Augments  
  142  7:36  Overlord  
  143  7:38  Overlord  
  143  7:41  Lurker x3  
  143  7:42  Lurker x2  
  146  7:45  Lurker  
  146  7:46  Zergling x2  
  146  7:47  Zergling x8  
  146  7:48  Zergling x2  
  153  7:53  Lurker  
  153  7:54  Zergling x6  
  153  7:55  Zergling x2  
  153  7:56  Zergling x6  
  161  7:58  Zergling x4  
  161  8:01  Zergling x4  
  161  8:03  Lurker x2  
  166  8:08  Hydralisk  
  166  8:11  Hydralisk x2  
  166  8:12  Zergling x4  
  162  8:27  Hydralisk  
  162  8:28  Hydralisk  
  162  8:29  Hydralisk x2  
  162  8:30  Zergling x4  
  163  8:35  Hydralisk  
  163  8:38  Hydralisk x3  
  163  8:39  Hydralisk  
  161  8:42  Hydralisk x2  
  161  8:43  Hydralisk  
  161  8:47  Hydralisk x2  
  163  8:48  Zergling x2  
  163  8:53  Overseer  
  153  8:57  Hydralisk x4  
  153  8:58  Zergling x4  
  153  9:02  Hydralisk x2  
  157  9:03  Zergling x2  
  157  9:04  Zergling x2  
  157  9:06  Hydralisk  
  165  9:12  Hydralisk x2  
  165  9:13  Zergling x2  
  168  9:18  Hydralisk x2  
  168  9:19  Zergling x2  
  169  9:30  Drone x2  
  169  9:31  Drone x3, Zerg Missile Weapons Level 2  
  170  9:32  Hydralisk  
  170  9:36  Pneumatized Carapace  
  171  9:41  Hydralisk x2  
  175  9:48  Hydralisk x2  
  179  9:52  Hydralisk  
  179  9:53  Hydralisk  
  179  9:59  Zergling x4  
  184  10:01  Zergling x2  
  172  10:08  Zergling x2  
  172  10:09  Zergling x6  
  172  10:10  Hydralisk x2  
  172  10:11  Zergling x2  
  172  10:12  Zergling x2  
  172  10:13  Hydralisk x2  
  172  10:14  Zergling x2  
  175  10:15  Zergling x2  
  175  10:20  Lurker x2  
  175  10:21  Lurker x2  
  168  10:25  Zergling x2  
  168  10:26  Zergling x2  
  168  10:27  Zergling x4  
  172  10:29  Lurker  
  172  10:30  Lurker  
  174  10:38  Zergling x4  
  174  10:39  Zergling x4, Drone  
  174  10:40  Zergling x2  
  179  10:49  Zergling x10  
  174  11:07  Zergling x6  
  165  11:12  Hydralisk  
  165  11:15  Hydralisk  
  165  11:17  Hydralisk x2  
  165  11:18  Hydralisk x5  
  174  11:19  Overlord x2  
  174  11:25  Extractor  
  166  11:34  Hatchery  
  157  11:40  Hydralisk x3  
  157  11:41  Hydralisk x9  
  170  11:54  Hydralisk x4  
  170  11:55  Hydralisk  
  170  11:58  Hydralisk x2  
  181  12:08  Hydralisk  
  181  12:09  Hydralisk x2  
  181  12:11  Hydralisk  
  186  12:16  Zergling x12  
  171  12:31  Hydralisk  
  171  12:32  Hydralisk x5  
  171  12:33  Zergling x2  
  171  12:35  Hydralisk  
  172  12:42  Hydralisk  
  174  12:45  Zergling x2  
Tags
 
Add a new tag
Caveats
  • Supply blocks, unpowered buildings, or Contaminate may cause inaccurate times.
  • Supply counts are checked every 10 seconds.